 Dungeon Crawl Stone Soup version 0.30-a0-622-gddc90eaa04 (webtiles) character file.

Game seed: 8635025085216972993

444 Leeroy the Vexing (level 7, -8/36 HPs)
             Began as a Kobold Enchanter on Jan 10, 2023.
             Was an Initiate of Hepliaklqana.
             Mangled by a black bear (11 damage)
             ... on level 5 of the Dungeon.
             The game lasted 00:08:31 (3961 turns).

Leeroy the Vexing (Kobold Enchanter)                Turns: 3961, Time: 00:08:32

Health: -8/36      AC:  2    Str:  4 (5)  XL:     7   Next: 23%
Magic:  3/10       EV: 15    Int: 14 (16) God:    Hepliaklqana [......]
Gold:   64         SH:  0    Dex: 15 (18) Spells: 5/10 levels left

rFire   . . .      SeeInvis .    w - +8 rapier of Raemycenip {pain, Stlth+}
rCold   . . .      Faith    .    (no shield)
rNeg    . . .      Spirit   .    b - +0 robe
rPois   .          Reflect  .    (no helmet)
rElec   .          Harm     .    (no cloak)
rCorr   .          Rampage  .    (no gloves)
Will    .....                    (no boots)
Stlth   +++++                    (no amulet)
HPRegen 0.26/turn                (no ring)
MPRegen 0.12/turn                (no ring)

@: confusing by touch
A: small, no large weapons, nightstalker 3
a: Renounce Religion


You were on level 5 of the Dungeon.
You worshipped Hepliaklqana.
Hepliaklqana was noncommittal.
You visited 1 branch of the dungeon, and saw 5 of its levels.

You collected 352 gold pieces.
You spent 288 gold pieces at shops.

Inventory:

Hand Weapons
 a - a +1 dagger
 s - the +9 long sword "Oloypiaf" {pain, Dex+7}
   (You found it on level 3 of the Dungeon)

   Dex:       It affects your dexterity (+7).
 t - a +0 rapier
 w - the +8 rapier of Raemycenip (weapon) {pain, Stlth+}
   (You bought it in a shop on level 3 of the Dungeon)

   Stlth:     It makes you more stealthy.
Missiles
 F - a throwing net (quivered)
Armour
 b - a +0 robe (worn)
 p - an orb of wrath
Jewellery
 i - a ring of fire
 n - a ring of protection from cold
 B - a ring of resist corrosion
Wands
 l - a wand of roots (7)
Scrolls
 d - 2 scrolls of fear
 e - 3 scrolls of amnesia
 f - 2 scrolls of teleportation
 g - a scroll of poison
 k - a scroll of immolation {unknown}
 v - a scroll of vulnerability
 y - a scroll of fog
 A - a scroll of magic mapping
 E - a scroll of identify
Potions
 c - a potion of invisibility
 h - a potion of degeneration
 j - a potion of mutation
 m - 4 potions of curing
 o - 2 potions of resistance
 q - a potion of flight {unknown}
 r - a potion of attraction
 u - a potion of berserk rage {unknown}
 x - a potion of cancellation {unknown}
 z - a potion of haste {unknown}
 C - a potion of magic {unknown}
 D - a potion of heal wounds {unknown}


   Skills:
 - Level 1.3 Short Blades
 - Level 2.4 Dodging
 - Level 6.5 Stealth
 - Level 2.1 Spellcasting
 - Level 6.8 Hexes


You had 5 spell levels left.
You knew the following spells:

 Your Spells              Type           Power      Damage    Failure   Level
a - Ensorcelled Hibernat  Hex/Ice        22%        N/A       9%          2
b - Confusing Touch       Hex            20%        N/A       4%          3

Your spell library contained the following spells:

 Spells                   Type           Power      Damage    Failure   Level
 Tukima's Dance           Hex            20%        N/A       4%          3
 Dazzling Flash           Conj/Hex       22%        N/A       17%         3
 Gell's Gravitas          Tloc           1%         N/A       56%         3
 Lesser Beckoning         Tloc           2%         N/A       56%         3
 Teleport Other           Tloc           1%         N/A       56%         3
 Metabolic Englaciation   Hex/Ice        5%         N/A       85%         5
 Petrify                  Tmut/Erth      1%         N/A       93%         4
 Statue Form              Tmut/Erth      0%         N/A       100%        6


Dungeon Overview and Level Annotations

Branches:
Dungeon (5/15)
 Temple: D:4-7

Altars:
Gozag
Hepliaklqana
Kikubaaqudgha

Shops:
D:3 (   D:5 !

Annotations:
D:5 Pikel


Innate Abilities, Weirdness & Mutations

You are small and have problems with some larger weapons.
You are completely attuned to the shadows.


Message History

Confirm with . or Enter, or press ? or * to list all spells.
Your hands begin to glow red.
The lemure closely misses you.
You hit the lemure but do no damage.
The lemure is heavily wounded.
The lemure hits you.
You closely miss the lemure.
The lemure is heavily wounded.
The lemure hits you but does no damage.
You hit the lemure but do no damage.
The lemure is heavily wounded.
The lemure hits you!
You hit the lemure but do no damage.
The lemure appears confused.
The lemure is heavily wounded.
There is a stone staircase leading down here.
You start resting.
A lemure is nearby!
You climb downwards.
Level annotation: Pikel
Found a robe.
Found a stone staircase leading down.
There is a stone staircase leading up here.
The helpless black bear fails to defend itself.
You impale the black bear!!
The black bear is almost dead.
The black bear bites you. The black bear claws you.
The black bear closely misses you.
Casting: Confusing Touch (dangerous; 4% risk of failure)
Confirm with . or Enter, or press ? or * to list all spells.
Your hands begin to glow red.
The black bear goes berserk!
You barely miss the black bear.
The black bear is almost dead.
The black bear bites you. The black bear claws you. The black bear misses you.
You hit the black bear but do no damage.
The black bear is almost dead.
The black bear bites you but does no damage.
The black bear claws you.
* * * LOW HITPOINT WARNING * * *
The black bear claws you!
* * * LOW HITPOINT WARNING * * *
The black bear bites you!
You die...

## ..#.## ..#[.## .....h#
.....@### ....<....# #
##........ . #..>.#... ..
......#... ... ....##...
#..... .....>. #.....
##....... ..5..# ......
#.5............####...)..


You could see a black bear (berserk).

Vanquished Creatures
  A lemure (D:5)
  A centaur (D:5)
  A scorpion (D:4)
  A vampire bat (D:3)
  2 hounds (D:5)
  A jelly (D:5)
  An iguana (D:5)
  4 gnolls (D:5)
  An adder (D:2)
  An ufetubus (D:4)
  5 worms
  3 dart slugs
  4 orcs
  3 bat skeletons (D:3)
  4 bat zombies (D:3)
  7 endoplasms
  A giant cockroach (D:3)
  10 goblins
  10 hobgoblins
  4 quokkas
  5 ball pythons
  A bat (D:1)
  A frilled lizard (D:1)
  6 kobolds
  5 rats
83 creatures vanquished.

Notes
Turn   | Place    | Note
-------+----------+-------------------------------------------
     0 | D:1      | Leeroy the Kobold Enchanter began the quest for the Orb.
     0 | D:1      | Reached XP level 1. HP: 10/10 MP: 3/3
   153 | D:1      | Reached XP level 2. HP: 15/15 MP: 5/5
   251 | D:1      | Reached skill level 5 in Stealth
   291 | D:1      | Learned a level 2 spell: Ensorcelled Hibernation
   617 | D:1      | Reached XP level 3. HP: 19/19 MP: 6/6
   969 | D:1      | Learned a level 3 spell: Confusing Touch
  1046 | D:2      | Found an opulent altar of Gozag.
  1193 | D:2      | Reached XP level 4. HP: 24/24 MP: 7/7
  1921 | D:3      | Identified the +9 long sword "Oloypiaf" {pain, Dex+7}
  2195 | D:3      | Found Ducrohus's Antique Weapon Boutique.
  2224 | D:3      | Bought a pitted rapier for 216 gold pieces
  2224 | D:3      | Identified the +8 rapier of Raemycenip {pain, Stlth+} (You
                  | bought it in a shop on level 3 of the Dungeon)
  2282 | D:3      | Found a hazy altar of Hepliaklqana.
  2456 | D:3      | Reached XP level 5. HP: 28/28 MP: 8/8
  2459 | D:3      | Found an ancient bone altar of Kikubaaqudgha.
  2934 | D:4      | Reached skill level 5 in Hexes
  2934 | D:4      | Reached XP level 6. HP: 32/32 MP: 9/9
  3058 | D:3      | Became a worshipper of Hepliaklqana the Forgotten
  3090 | D:5      | Entered Level 5 of the Dungeon
  3284 | D:5      | Found Risihan's Distillery.
  3289 | D:5      | Bought a potion of curing for 36 gold pieces
  3289 | D:5      | Bought a potion of curing for 36 gold pieces
  3299 | D:5      | Noticed Pikel
  3377 | D:5      | Reached XP level 7. HP: 36/36 MP: 10/10
  3961 | D:5      | Mangled by a black bear

Illustrated notes

Levels and vault maps discovered:
D:1:      mrwooster_arrival_arrow, layout_loops_ring, hex_tiny, st_stairs_6,
          nicolae_figureground_pulse
D:2:      cheibrodos_greedy_goblins, layout_basic, basic_altar
D:3:      layout_rooms, nicolae_overflow_hidden_temple,
          kennysheep_vampire_church, serial_shops, nicolae_shop_crystal,
          serial_bayou_lagoon_b
D:4:      layout_rooms
D:5:      layout_cave_pools, serial_shops, nicolae_shop_waterfront,
          serial_park_tiny_pond, saegor_snake_ambush, uniq_pikel

Skill      XL: |  1  2  3  4  5  6 |
---------------+-------------------+-----
Stealth        | 5 6 |  6.5
Hexes          | 5 6 |  6.8
Short Blades   | |  1.3
Dodging        | |  2.4
Spellcasting   | |  2.1

Action                   |  1- 3 |  4- 6 |  7- 9 || total
-------------------------+-------+-------+-------++-------
Melee: Dagger            |    48 |    74 |       ||   122
       Rapier            |       |    29 |    23 ||    52
 Cast: Ensorcelled Hiber |     4 |    12 |    11 ||    27
       Confusing Touch   |       |       |     3 ||     3
  Use: Scroll            |       |     8 |     1 ||     9
       Potion            |       |     4 |       ||     4
 Stab: Sleeping          |    26 |    26 |     8 ||    60
       Distracted        |       |     1 |       ||     1
       Confused          |       |       |     1 ||     1
Armor: Robe              |     1 |     7 |     3 ||    11
Dodge: Dodged            |    10 |    71 |    22 ||   103

Table legend: (Time is in decaauts)
 A = Elapsed time spent in this place.
 B = Non-inter-level travel time spent in this place.
 C = Inter-level travel time spent in this place.
 D = Time resting spent in this place.
 E = Time spent auto-exploring this place.
 F = Levels seen in this place.
 G = Mean time per level.
                   A        B        C        D        E       F      G
               +--------+--------+--------+--------+--------+-----+--------+
         Total |   3995 |   3801 |    194 |    387 |   2627 |   5 |  799.0 |
       Dungeon |   3995 |   3801 |    194 |    387 |   2627 |   5 |  799.0 |
               +--------+--------+--------+--------+--------+-----+--------+

Top non-repeatable levels by time:
     D:1: 1076 daAuts
     D:4: 822 daAuts
     D:3: 813 daAuts
     D:2: 716 daAuts
     D:5: 566 daAuts
